 Dungeon Crawl Stone Soup version 0.30-a0-358-g0d69a1922f (webtiles) character file.

Game seed: 7165235293104190393

7863 quakins the Skirmisher (level 11, -9/72 HPs)
             Began as a Deep Elf Hexslinger on Nov 10, 2022.
             Was a Priest of Nemelex Xobeh.
             Killed from afar by a manticore (18 damage)
             ... with a volley of spikes
             ... on level 11 of the Dungeon.
             The game lasted 00:36:50 (14057 turns).

quakins the Skirmisher (Deep Elf Hexslinger)       Turns: 14057, Time: 00:36:51

Health: -9/72      AC:  9    Str:  7    XL:     11   Next: 2%
Magic:  19/19      EV: 16    Int: 19    God:    Nemelex Xobeh [***...]
Gold:   610        SH:  5    Dex: 24    Spells: 10/18 levels left

rFire   . . .      SeeInvis .    P - +0 shortbow
rCold   . . .      Faith    .    (shield currently unavailable)
rNeg    . . .      Spirit   .    t - +2 leather armour "Roupnet" {*Corrode Dex+5 Stlth+}
rPois   .          Reflect  +    q - +1 helmet
rElec   .          Harm     .    (no cloak)
rCorr   +          Rampage  .    h - +0 pair of gloves
Will    ++...                    p - +0 pair of boots
Stlth   +++++.....               N - amulet of reflection
HPRegen 0.32/turn                i - ring of resist corrosion
MPRegen 0.16/turn                v - ring of willpower

@: spiked
A: no striking features
a: Renounce Religion, Draw Escape, Draw Destruction, Draw Summoning, Triple Draw


You were on level 11 of the Dungeon.
You worshipped Nemelex Xobeh.
Nemelex Xobeh was most pleased with you.
You visited 2 branches of the dungeon, and saw 12 of its levels.
You also visited: Sewer.

You collected 823 gold pieces.
You spent 213 gold pieces at shops.

Inventory:

Hand Weapons
 a - a +2 sling
 M - a +0 arbalest
 P - a +0 shortbow (weapon)
Armour
 h - a +0 pair of gloves (worn)
 p - a +0 pair of boots (worn)
 q - a +1 helmet (worn)
 t - the +2 leather armour "Roupnet" (worn) {*Corrode Dex+5 Stlth+}
   (You bought it in a shop on level 4 of the Dungeon)

   Dex:       It affects your dexterity (+5).
   *Corrode:  It may corrode you when you take damage.
   Stlth:     It makes you more stealthy.
Jewellery
 i - a ring of resist corrosion (left hand)
 v - a ring of willpower (right hand)
 C - a ring of ice
 K - a ring of protection from cold
 N - an amulet of reflection (around neck)
Wands
 c - a wand of iceblast (21)
 k - a wand of polymorph (16)
 r - a wand of light (24)
 G - a wand of paralysis (2)
 J - a wand of flame (48)
Scrolls
 b - 2 scrolls of poison
 g - 3 scrolls of amnesia {unknown}
 j - 2 scrolls of vulnerability
 l - 3 scrolls of magic mapping
 n - 3 scrolls of fog {unknown}
 u - a scroll of immolation {unknown}
 w - a scroll of brand weapon {unknown}
 y - a scroll of enchant weapon
 A - a scroll of fear
 B - a scroll of summoning {unknown}
 E - a scroll of enchant armour
 L - a scroll of blinking
 O - 2 scrolls of teleportation
 Q - a scroll of acquirement {unknown}
 R - a scroll of identify
Potions
 d - 2 potions of heal wounds
 e - 3 potions of lignification
 f - a potion of degeneration {unknown}
 m - a potion of flight {unknown}
 o - a potion of ambrosia
 s - 3 potions of might
 x - 2 potions of haste {unknown}
 z - 2 potions of attraction {unknown}
 D - 5 potions of brilliance {unknown}
 F - a potion of mutation {unknown}
 H - a potion of berserk rage {unknown}
 I - 4 potions of curing


   Skills:
 + Level 9.9 Fighting
 - Level 10.0 Ranged Weapons
 - Level 6.0 Dodging
 - Level 6.0 Stealth
 - Level 4.0 Spellcasting
 - Level 8.5 Hexes
 - Level 4.0 Translocations


You had 10 spell levels left.
You knew the following spells:

 Your Spells              Type           Power      Damage    Failure   Level
a - Slow                  Hex            100%       N/A       1%          1
b - Cause Fear            Hex            18%        N/A       6%          4
c - Portal Projectile     Hex/Tloc       54%        N/A       4%          3

Your spell library contained the following spells:

 Spells                   Type           Power      Damage    Failure   Level
 Dazzling Flash           Conj/Hex       40%        N/A       11%         3
 Inner Flame              Hex/Fire       20%        N/A       11%         3
 Magic Dart               Conj           12%        1d3       21%         1
 Call Imp                 Summ           3%         N/A       30%         2
 Hailstorm                Conj/Ice       3%         3d3       52%         3
 Mephitic Cloud           Conj/Pois/Air  3%         N/A       52%         3
 Silence                  Hex/Air        10%        N/A       69%         5
 Ice Form                 Ice/Tmut       3%         N/A       90%         4
 Agony                    Necr           3%         N/A       99%         5
 Simulacrum               Ice/Necr       1%         N/A       100%        6


Dungeon Overview and Level Annotations

Branches:
Dungeon (11/15)            Temple (1/1) D:4             Orc (0/2) D:11
  Sewer (visited)
   Lair: D:8-11

Altars:
Ashenzari
Cheibriados
Dithmenos
Elyvilon
Fedhas
Gozag
Hepliaklqana
Kikubaaqudgha
Makhleb
Nemelex Xobeh
Okawaru
Qazlal
Ru
Sif Muna
Trog
Uskayaw
Vehumet
Wu Jian
Xom
Yredelemnul
Zin
The Shining One

Shops:
D:4 [   D:8 *   D:9 *


Message History

Aim: a manticore (almost dead, 80% to hit)
You shoot an arrow.
The arrow completely misses the manticore.
The manticore flicks its tail.
The volley of spikes hits you!!
The barbed spikes become lodged in your body.
Fire: P) +0 shortbow
Press: ? - help, Q - select action, (/) - cycle Shift-Dir - straight line, f/p - manticore
Aim: a manticore (almost dead, 80% to hit)
You shoot an arrow.
The arrow hits the manticore but does no damage.
The manticore is almost dead.
Fire: P) +0 shortbow
Press: ? - help, Q - select action, (/) - cycle Shift-Dir - straight line, f/p - manticore
Aim: a manticore (almost dead, 80% to hit)
You shoot an arrow. The arrow hits the manticore.
The manticore is almost dead.
The manticore flicks its tail.
The volley of spikes misses you.
Fire: P) +0 shortbow
Press: ? - help, Q - select action, (/) - cycle Shift-Dir - straight line, f/p - manticore
Aim: a manticore (almost dead, 80% to hit)
You shoot an arrow.
The arrow hits the manticore but does no damage.
The manticore is almost dead.
The manticore flicks its tail.
The volley of spikes hits you!
The barbed spikes become lodged in your body.
* * * LOW HITPOINT WARNING * * *
Fire: P) +0 shortbow
Press: ? - help, Q - select action, (/) - cycle Shift-Dir - straight line, f/p - manticore
Aim: a manticore (almost dead, 80% to hit)
You shoot an arrow.
The arrow hits the manticore but does no damage.
The manticore is almost dead.
The manticore flicks its tail.
The volley of spikes hits you!!
The barbed spikes become lodged in your body.
You die...
Your body glows slightly and disappears.

##### #...#
#####...############
#...........@.H.....
#...................
#...................
#####.........#####.....
..............# .....
#''###+###....# ....
.........#....# ...
.........#....# ...
.........# ...#


You could see a manticore.

Vanquished Creatures
  2 two-headed ogres (D:10)
  The ghost of bchevrier the Cruncher, a novice GnWn of Ru (D:7)
  Pikel (D:4)
  Psyche (D:9)
  An unseen horror zombie (D:7)
  A komodo dragon (D:10)
  Grinder (D:5)
  A shadow (D:10)
  2 wraiths (D:10)
  2 wyverns
  A vampire (D:10)
  A warg (D:10)
  3 water moccasins
  3 orc warriors
  2 black bears (D:7)
  2 ice beasts
  2 sky beasts
  An ogre (D:5)
  A centaur (D:9)
  Blork the orc (D:4)
  5 kobold brigands
  A necrophage (D:5)
  3 gnoll sergeants
  A scorpion (D:6)
  2 wights (D:6)
  A howler monkey (D:6)
  3 electric eels (D:6)
  A centaur zombie (D:7)
  3 jellies
  5 orc priests
  6 hounds
  2 centaur skeletons (D:7)
  4 gnoll boudas
  Jessica (D:2)
  3 iguanas
  12 orc wizards
  Robin (D:3)
  A howler monkey skeleton (D:7)
  4 adders
  26 gnolls
  A river rat (D:6)
  A white imp (D:8)
  An ufetubus (D:5)
  5 worms
  4 dart slugs
  39 orcs
  8 ball pythons
  3 bats
  8 endoplasms
  3 giant cockroaches
  15 goblins
  13 hobgoblins
  5 jackals
  4 quokkas
  4 frilled lizards
  24 kobolds
  9 rats
262 creatures vanquished.

Vanquished Creatures (others)
  A human (D:5)
  A plant (D:2)
2 creatures vanquished.

Grand Total: 264 creatures vanquished

Notes
Turn   | Place    | Note
-------+----------+-------------------------------------------
     0 | D:1      | quakins the Deep Elf Hexslinger began the quest for the
                  | Orb.
     0 | D:1      | Reached XP level 1. HP: 11/11 MP: 5/5
    93 | D:1      | Reached skill level 3 in Ranged Weapons
   196 | D:1      | Reached XP level 2. HP: 16/16 MP: 6/6
   566 | D:1      | Reached XP level 3. HP: 20/20 MP: 7/7
   712 | D:1      | Reached skill level 5 in Hexes
   781 | D:1      | Reached skill level 4 in Ranged Weapons
   937 | D:2      | Noticed Jessica
   941 | D:2      | Killed Jessica
  1030 | D:2      | Reached XP level 4. HP: 24/24 MP: 8/8
  1055 | D:2      | Found a faded altar of an unknown god.
  1649 | D:3      | Noticed Robin
  1856 | D:3      | Reached skill level 5 in Ranged Weapons
  1860 | D:3      | Found a basalt altar of Yredelemnul.
  1901 | D:3      | Killed Robin
  2140 | D:3      | Reached XP level 5. HP: 20/28 MP: 9/9
  2467 | D:3      | Found a white marble altar of Elyvilon.
  2863 | D:4      | Found Quqew's Antique Armour Shoppe.
  2880 | D:4      | Bought a bronze leather armour for 147 gold pieces
  2880 | D:4      | Identified the +2 leather armour "Roupnet" {*Corrode Dex+5
                  | Stlth+} (You bought it in a shop on level 4 of the Dungeon)
  2932 | D:4      | Found a staircase to the Ecumenical Temple.
  2937 | Temple   | Entered the Ecumenical Temple
  2937 | Temple   | Found a transporter.
  2937 | Temple   | Found a transporter.
  2939 | Temple   | Found a transporter.
  2939 | Temple   | Found a transporter.
  2966 | Temple   | Became a worshipper of Nemelex Xobeh the Trickster
  3357 | D:4      | Found a radiant altar of Vehumet.
  3417 | D:4      | Found an ornate altar of the Wu Jian Council.
  3453 | D:5      | Entered Level 5 of the Dungeon
  3457 | D:5      | Found an iron altar of Okawaru.
  3462 | D:5      | Noticed a lemure
  3462 | D:5      | Noticed Blork the orc
  3480 | D:4      | Killed Blork the orc
  3481 | D:4      | Reached skill level 6 in Ranged Weapons
  3554 | D:5      | Noticed a lemure
  3555 | D:5      | Noticed a lemure
  3619 | D:5      | Noticed Pikel
  3620 | D:5      | Noticed a lemure
  3669 | D:4      | Killed Pikel
  3670 | D:4      | Reached skill level 8 in Ranged Weapons
  3670 | D:4      | Reached XP level 6. HP: 18/33 MP: 10/10
  3670 | D:4      | Reached XP level 7. HP: 20/37 MP: 11/11
  3740 | D:4      | Learned a level 4 spell: Cause Fear
  3744 | D:4      | Learned a level 3 spell: Portal Projectile
  4470 | D:5      | Found an ancient bone altar of Kikubaaqudgha.
  4471 | D:5      | Noticed a human
  4488 | D:5      | Killed a human
  4506 | D:5      | Reached skill level 9 in Ranged Weapons
  4511 | D:5      | Identified the +3 hand axe of the Unseen Realm {freeze,
                  | rPois Int-2 Dex+6 Stlth+}
  4522 | D:5      | You fall into a shaft and drop 3 floors!
  4533 | D:8      | Found Wuosut's Assorted Antiques.
  4626 | D:6      | Reached XP level 8. HP: 23/42 MP: 12/12
  4634 | D:6      | Reached skill level 10 in Ranged Weapons
  4634 | D:6      | Reached skill level 1 in Fighting
  4811 | D:6      | Found a shimmering blue altar of Sif Muna.
  4881 | D:6      | Reached * piety under Nemelex Xobeh
  4951 | D:6      | Found a glowing drain.
  4961 | Sewer    | Entered a sewer
  5539 | D:5      | Received a gift from Nemelex Xobeh
  5539 | D:5      | Noticed Grinder
  5735 | D:5      | Killed Grinder
  5736 | D:5      | Reached skill level 5 in Fighting
  6226 | D:6      | Found a glowing silver altar of Zin.
  6699 | D:6      | Reached XP level 9. HP: 55/55 MP: 13/13
  6702 | D:6      | Found a sacrificial altar of Ru.
  6829 | D:6      | Reached skill level 1 in Translocations
  7848 | D:7      | Reached skill level 5 in Stealth
  7934 | D:7      | Found a runed translucent gate.
  7935 | D:7      | Found a runed translucent gate.
  7935 | D:7      | Found a runed translucent gate.
  7938 | D:7      | Noticed bchevrier's ghost (novice GnWn)
  8004 | D:7      | Reached ** piety under Nemelex Xobeh
  8468 | D:7      | Reached skill level 5 in Dodging
  8566 | D:7      | Killed bchevrier's ghost
  8567 | D:7      | Reached XP level 10. HP: 32/60 MP: 18/18
  9210 | D:8      | Found a runed translucent door.
 10764 | D:9      | Found Jutratet's Changing Room.
 10772 | D:9      | Bought a potion of lignification for 33 gold pieces
 10772 | D:9      | Bought a potion of lignification for 33 gold pieces
 10801 | D:9      | Received a gift from Nemelex Xobeh
 10843 | D:9      | Noticed Psyche
 10930 | D:9      | Killed Psyche
 11080 | D:9      | Found a burning altar of Makhleb.
 11247 | D:9      | Found a shadowy altar of Dithmenos.
 11366 | D:9      | Received a gift from Nemelex Xobeh
 11690 | D:9      | Reached *** piety under Nemelex Xobeh
 12206 | D:10     | Entered Level 10 of the Dungeon
 12239 | D:10     | Noticed a two-headed ogre
 12383 | D:10     | Noticed a two-headed ogre
 12394 | D:10     | Killed a two-headed ogre
 12722 | D:10     | HP: 4/97 [something (14)]
 13020 | D:10     | Killed a two-headed ogre
 13316 | D:10     | Received a gift from Nemelex Xobeh
 13455 | D:11     | Found a staircase to the Orcish Mines.
 13740 | D:11     | Reached XP level 11. HP: 67/72 MP: 19/19
 14057 | D:11     | Killed from afar by a manticore

Illustrated notes

Levels and vault maps discovered:
D:1:      lemuel_arrival_hallway, layout_loops_ring, st_stairs_13,
          hangedman_feature_mirror
D:2:      layout_loops_ring, shapermc_ecumenical_altar_gd, uniq_jessica
D:3:      wander_river, layout_loops_ring, mainiacjoe_overflow_chevrons,
          mainiacjoe_overflow_alcove_2, wander_ebering_terrifying_dragon_lair,
          uniq_robin
D:4:      layout_basic, lemuel_round_altar, mainiacjoe_overflow_boulevard,
          minmay_temple_entry_nine_rooms, serial_shops, shop,
          dreamdust_wishing_well
D:5:      layout_basic, okawaru_gym_becter, tgw_kikubaaqudgha,
          grunt_ministairs_4, lightli_minifort, uniq_grinder, uniq_pikel,
          uniq_blork_the_orc
D:6:      layout_cave_pools, nicolae_overflow_squiral, kennysheep_mini_moat,
          portal_sewer_entry_b, roderic_roman_lattice
D:7:      layout_loops_ring, gammafunk_ghost_necromancy, minmay_crossroads
D:8:      layout_rooms, serial_shops, nicolae_lakefront_shop,
          chequers_ossuary_entry_cave, lightli_church_of_beogh
D:9:      layout_loops_corners, grunt_dithmenos_smoke_and_mirrors,
          lemuel_coloured_pillars_altar, nicolae_transmutations_shop,
          uniq_psyche
D:10:     layout_cave_pools, serial_gnoll_camp, gnoll_camp_medium_01,
          gnoll_camp_mini_loothouse, gnoll_camp_mini_hut, gnoll_camp_mini_basic
D:11:     layout_irregular_city, dpeg_oklobed_lair, david_orc_3,
          kennysheep_generic_room_9
Temple:   hellmonk_temple_divided_pantheon

Skill      XL: |  1  2  3  4  5  6  7  8  9 10 |
---------------+-------------------------------+-----
Ranged Weapons | 3 4 5 8 9 10 | 10.0
Hexes          | 5 6 8 |  8.5
Fighting       | 5 6 9 |  9.9
Translocations | 4 |  4.0
Spellcasting   | 4 |  4.0
Stealth        | 6 |  6.0
Dodging        | 6 |  6.0

Action                   |  1- 3 |  4- 6 |  7- 9 | 10-12 || total
-------------------------+-------+-------+-------+-------++-------
 Fire: Sling             |   116 |   208 |   479 |   191 ||   994
       Shortbow          |       |       |       |   280 ||   280
 Cast: Slow              |     2 |       |     1 |       ||     3
       Cause Fear        |       |       |     1 |       ||     1
Invok: Draw Destruction  |       |       |     3 |    12 ||    15
       Draw Escape       |       |       |     1 |     2 ||     3
       Draw Summoning    |       |       |       |     2 ||     2
Evoke: Wand              |       |     8 |     4 |     4 ||    16
  Use: Scroll            |       |       |     7 |     3 ||    10
       Potion            |       |       |     5 |     5 ||    10
Armor: Robe              |     3 |    22 |       |       ||    25
       Leather armour    |       |     6 |   121 |    41 ||   168
       Skin              |       |       |       |    45 ||    45
Dodge: Dodged            |    26 |    67 |   215 |   152 ||   460
Block: Other             |       |       |       |    42 ||    42
       Reflection        |       |       |       |     2 ||     2

Table legend: (Time is in decaauts)
 A = Elapsed time spent in this place.
 B = Non-inter-level travel time spent in this place.
 C = Inter-level travel time spent in this place.
 D = Time resting spent in this place.
 E = Time spent auto-exploring this place.
 F = Levels seen in this place.
 G = Mean time per level.
                   A        B        C        D        E       F      G
               +--------+--------+--------+--------+--------+-----+--------+
         Total |  14208 |  13285 |    923 |   3828 |   6690 |  13 | 1092.9 |
       Dungeon |  13982 |  13059 |    923 |   3828 |   6546 |  11 | 1271.1 |
        Temple |     44 |     44 |      0 |      0 |      6 |   1 |   44.0 |
         Sewer |    181 |    181 |      0 |      0 |    138 |   1 |  181.0 |
               +--------+--------+--------+--------+--------+-----+--------+

Top non-repeatable levels by time:
     D:8: 2008 daAuts
     D:7: 1804 daAuts
    D:10: 1740 daAuts
     D:6: 1584 daAuts
     D:9: 1491 daAuts
     D:5: 1393 daAuts
     D:3: 1087 daAuts
     D:1: 1041 daAuts
     D:4: 939 daAuts
     D:2: 775 daAuts
   Sewer: 181 daAuts
    D:11: 116 daAuts
  Temple: 44 daAuts
